 Dungeon Crawl Stone Soup version 0.19.0-11-g3fc08b3 (webtiles) character file.

5422 Malachi the Grappler (level 10, -7/88 HPs)
             Began as a Troll Transmuter on Nov 9, 2016.
             Was a Follower of Uskayaw.
             Mangled by a spiny frog (18 damage)
             ... on level 1 of the Lair of Beasts.
             The game lasted 00:16:09 (8473 turns).

Malachi the Grappler (Troll Transmuter)             Turns: 8473, Time: 00:16:10

Health: -7/88      AC:  9    Str: 17 (20) XL:     10   Next: 40%
Magic:  12/13      EV: 11    Int: 11 (12) God:    Uskayaw [*.....]
Gold:   499        SH:  0    Dex:  7 (10) Spells: 2 memorised, 12 levels left

rFire  . . .     SeeInvis .       - Unarmed
rCold  . . .     Gourm    +     b - +0 robe
rNeg   . . .     Faith    +     (no shield)
rPois  +         Spirit   .     (helmet restricted)
rElec  .         Reflect  .     p - +0 cloak
rCorr  .         Harm     .     (gloves unavailable)
MR     .....                    (boots unavailable)
Stlth  ++........               l - amulet of faith
                                B - ring of poison resistance
                                i - +3 ring of protection

@: appendage, very slightly contaminated
A: unfitting armour, claws 3, horns 2, fast metabolism 3, gourmand, regeneration
1, shaggy fur 1, tough skin 2
a: End Transformation, Stomp, Renounce Religion


You were on level 1 of the Lair of Beasts.
You worshipped Uskayaw.
Uskayaw was noncommittal.
You were very full.
You had grown temporary horns.
You visited 3 branches of the dungeon, and saw 10 of its levels.
You also visited: Sewer.

You collected 499 gold pieces.

Inventory:

Missiles
 a - 189 arrows
Armour
 b - a +0 robe (worn)
 p - a +0 cloak (worn)
Jewellery
 e - an uncursed ring of loudness
 i - a +3 ring of protection (left claw)
 l - an amulet of faith (around neck)
 B - a ring of poison resistance (right claw)
Wands
 y - a wand of digging (6/24)
 z - a wand of acid (1/15)
Scrolls
 f - a scroll of vulnerability {unknown}
 k - 11 scrolls of remove curse
 u - 2 scrolls of magic mapping
 w - a scroll of identify
 E - a scroll of random uselessness {unknown}
 F - a scroll of immolation {unknown}
Potions
 j - 3 potions of brilliance
 m - 2 potions of heal wounds
 o - 6 potions of curing
 q - a potion of might
 s - a potion of agility
 D - 2 potions of flight
Books
 c - a book of Changes

   Spells                             Type                      Level
   a - Beastly Appendage              Transmutation                1
   b - Sticks to Snakes               Transmutation                2
   c - Spider Form                    Transmutation/Poison         3
   d - Ice Form                       Ice/Transmutation            4
   e - Blade Hands                    Transmutation                5
 t - a book of Necromancy

   Spells                             Type                      Level
   a - Pain                           Necromancy                   1
   b - Animate Skeleton               Necromancy                   1
   c - Vampiric Draining              Necromancy                   3
   d - Regeneration                   Charms/Necromancy            3
   e - Animate Dead                   Necromancy                   4
   f - Control Undead                 Necromancy                   4
 x - a book of Maledictions

   Spells                             Type                      Level
   a - Corona                         Hexes                        1
   b - Ensorcelled Hibernation        Hexes/Ice                    2
   c - Confuse                        Hexes                        3
   d - Tukima's Dance                 Hexes                        3
   e - Dazzling Spray                 Conjuration/Hexes            3
 A - a book of Geomancy

   Spells                             Type                      Level
   a - Sandblast                      Earth                        1
   b - Passwall                       Transmutation/Earth          2
   c - Stone Arrow                    Conjuration/Earth            3
   d - Petrify                        Transmutation/Earth          4
   e - Lee's Rapid Deconstruction     Earth                        5
 G - Extuniv's Tome of Unholy Calling
   (You found it on level 8 of the Dungeon)

   Spells                             Type                      Level
   a - Pain                           Necromancy                   1
   b - Summon Small Mammal            Summoning                    1
   c - Call Imp                       Summoning                    2
   d - Control Undead                 Necromancy                   4
   e - Dispel Undead                  Necromancy                   5
   f - Spellforged Servitor           Conjuration/Summoning        7
Comestibles
 d - 8 bread rations
 g - 2 slices of pizza
 h - 2 fruits
 n - 4 meat rations
 r - 2 beef jerkies
 H - 8 chunks of flesh


   Skills:
 + Level 2.4 Fighting
 + Level 5.7 Dodging
 + Level 2.4 Stealth
 + Level 10.5 Unarmed Combat
 + Level 3.2 Spellcasting
 * Level 5.3 Transmutations
 + Level 0.1 Evocations


You had 12 spell levels left.
You knew the following spells:

 Your Spells              Type           Power        Failure   Level  Hunger
a - Beastly Appendage     Tmut           ##....       2%          1    #......
b - Sticks to Snakes      Tmut           ##......     4%          2    ###....


Dungeon Overview and Level Annotations

Branches:
Dungeon (8/15)             Temple (1/1) D:7            Lair (1/6) D:8

Altars:
Ashenzari
Cheibriados
Dithmenos
Elyvilon
Fedhas
Gozag
Hepliaklqana
Kikubaaqudgha
Makhleb
Nemelex Xobeh
Okawaru
Qazlal
Ru
Sif Muna
Trog
Uskayaw
Vehumet
Xom
Yredelemnul
Zin
The Shining One

Shops:
D:7 (}

Annotations:
Lair:1 Whitewater's ghost, novice TrBe


Innate Abilities, Weirdness & Mutations

You are too large for most types of armour.
You have claws for hands.
Your metabolism is lightning-fast.
You like to eat raw meat.
Your natural rate of healing is unusually fast.
You are covered in fur. (AC +1)
You have very tough skin. (AC +2)
You have a pair of horns on your head.


Message History

The water moccasin is lightly wounded.
The water moccasin barely misses you. The spiny frog stings you!
* * * LOW HITPOINT WARNING * * *
Casting: Beastly Appendage
Confirm with . or Enter, or press ? or * to list all spells.
You grow a pair of large bovine horns.
The water moccasin bites you.
* * * LOW HITPOINT WARNING * * *
The spiny frog completely misses you.
Whitewater's ghost shrieks, "You will join me soon!"
The water moccasin bites you.
* * * LOW HITPOINT WARNING * * *
You are too injured to fight recklessly!
Unknown command.
You are too injured to fight recklessly!
You are too injured to fight recklessly!
You are too injured to fight recklessly!
You scratch the water moccasin.
The water moccasin is lightly wounded.
The spiny frog stings you!!
You die...

#....##
#........
#.....#
#........
#....##
#........
#....##
#......>.
#....P#
#...:....
#....##
#........
#...W#
#..FS#
#...@#
#....#
##....#
#.....#
##....#
..####....#
..........#
.......(..#
........(.##


You could see a spiny frog, a water moccasin and Whitewater's ghost.

Vanquished Creatures
  A hill giant (D:8)
  A black mamba (Lair:1)
  A spiny frog (Lair:1)
  Grinder (D:4)
  5 yaks (Lair:1)
  A soldier ant (D:7)
  2 porcupines (Lair:1)
  3 orc warriors
  A sky beast (D:6)
  3 ice beasts
  2 ogres
  A crocodile (D:8)
  2 centaurs (D:7)
  4 big kobolds
  3 bullfrogs
  5 scorpions
  4 howler monkeys
  3 crimson imps
  A bullfrog zombie (D:6)
  A centaur zombie (D:5)
  A gnoll shaman (D:4)
  3 hounds (D:7)
  4 orc priests
  A centaur skeleton (D:6)
  3 iron imps (D:8)
  An iguana (D:7)
  5 orc wizards
  4 worker ants
  3 killer bee zombies
  A hound skeleton (D:6)
  Robin (D:4)
  3 gnolls (D:4)
  5 adders
  2 river rats (D:8)
  2 oozes
  2 adder skeletons
  3 worms
  2 dart slugs (D:2)
  3 leopard geckos
  33 orcs
  12 giant cockroaches
  14 goblins
  13 hobgoblins
  10 jackals
  25 kobolds
  4 quokkas
  2 ball pythons
  15 bats
  7 frilled lizards
  A leopard gecko skeleton (D:4)
  2 quokka zombies
  22 rats
254 creatures vanquished.

Vanquished Creatures (others)
  A fungus (D:8)
1 creature vanquished.

Grand Total: 255 creatures vanquished

Notes
Turn   | Place    | Note
-------+----------+-------------------------------------------
     0 | D:1      | Malachi the Troll Transmuter began the quest for the Orb.
     0 | D:1      | Reached XP level 1. HP: 18/18 MP: 1/1
   148 | D:1      | Reached XP level 2. HP: 24/26 MP: 3/3
   632 | D:2      | Reached XP level 3. HP: 32/32 MP: 4/4
   827 | D:2      | Learned a level 2 spell: Sticks to Snakes
  1693 | D:3      | Reached XP level 4. HP: 40/40 MP: 5/5
  1750 | D:3      | Found a glowing drain.
  1803 | D:3      | Reached skill level 1 in Fighting
  1857 | Sewer    | Entered a sewer
  1877 | Sewer    | Noticed a big kobold
  1878 | Sewer    | Reached skill level 4 in Unarmed Combat
  1884 | Sewer    | Killed a big kobold
  1884 | Sewer    | Reached XP level 5. HP: 33/48 MP: 6/6
  2423 | D:3      | Reached skill level 5 in Unarmed Combat
  2522 | D:3      | Reached XP level 6. HP: 52/55 MP: 6/8
  2714 | D:4      | Noticed Robin
  2748 | D:4      | Killed Robin
  2794 | D:4      | Found a shimmering altar of Xom.
  2795 | D:4      | Found a shimmering altar of Xom.
  2797 | D:4      | Found a shimmering altar of Xom.
  2798 | D:4      | Found a shimmering altar of Xom.
  2798 | D:4      | Found a shimmering altar of Xom.
  2798 | D:4      | Found a shimmering altar of Xom.
  2799 | D:4      | Found a shimmering altar of Xom.
  2799 | D:4      | Found a shimmering altar of Xom.
  2799 | D:4      | Found a shimmering altar of Xom.
  2800 | D:4      | Found a shimmering altar of Xom.
  2800 | D:4      | Found a shimmering altar of Xom.
  2854 | D:4      | Noticed Grinder
  2868 | D:4      | Paralysed by Grinder for 4 turns
  2873 | D:4      | Killed Grinder
  2873 | D:4      | Reached XP level 7. HP: 51/62 MP: 9/9
  2947 | D:4      | Reached skill level 6 in Unarmed Combat
  3312 | D:4      | Found a shattered altar of Ashenzari.
  3763 | D:4      | Gained mutation: You expend magic power (3 MP) to strengthen your wands. [potion of mutation]
  3763 | D:4      | Gained mutation: Your system is resistant to poisons. (rPois) [potion of mutation]
  3763 | D:4      | Gained mutation: Your spells are a little harder to cast, but a little more powerful. [potion of mutation]
  3795 | D:5      | Entered Level 5 of the Dungeon
  4098 | D:5      | Reached skill level 1 in Stealth
  4189 | D:5      | Reached XP level 8. HP: 67/70 MP: 10/10
  4817 | D:6      | Reached skill level 7 in Unarmed Combat
  5568 | D:6      | Reached skill level 8 in Unarmed Combat
  5902 | D:7      | Reached XP level 9. HP: 79/79 MP: 12/12
  5971 | D:7      | Found a staircase to the Ecumenical Temple.
  6125 | D:7      | Reached skill level 9 in Unarmed Combat
  6424 | D:7      | Found Leum's Weapon Shoppe.
  6444 | D:7      | Found Ythytiaf's Gadget Boutique.
  6646 | D:7      | Lost mutation: Your spells are a little harder to cast, but a little more powerful. [potion of cure mutation]
  6646 | D:7      | Lost mutation: You expend magic power (3 MP) to strengthen your wands. [potion of cure mutation]
  6646 | D:7      | Lost mutation: Your system is resistant to poisons. (rPois) [potion of cure mutation]
  6657 | D:8      | Noticed a hill giant
  6667 | D:8      | Killed a hill giant
  6667 | D:8      | Reached skill level 5 in Dodging
  6930 | Temple   | Entered the Ecumenical Temple
  7046 | Temple   | Became a worshipper of Uskayaw the Reveler
  7252 | D:8      | Reached * piety under Uskayaw
  7274 | D:8      | Reached ** piety under Uskayaw
  7284 | D:8      | Reached *** piety under Uskayaw
  7573 | D:8      | Identified Extuniv's Tome of Unholy Calling
  7581 | D:8      | Found a white marble altar of Elyvilon.
  7743 | D:8      | Found a staircase to the Lair.
  7769 | D:8      | Found a burning altar of Makhleb.
  7874 | Lair:1   | Entered Level 1 of the Lair of Beasts
  7881 | Lair:1   | Reached XP level 10. HP: 84/87 MP: 13/13
  7961 | Lair:1   | Noticed a black mamba
  7975 | Lair:1   | Killed a black mamba
  7975 | Lair:1   | Reached skill level 10 in Unarmed Combat
  8279 | Lair:1   | Noticed a spiny frog
  8288 | Lair:1   | Killed a spiny frog
  8288 | Lair:1   | Reached skill level 5 in Transmutations
  8289 | Lair:1   | Reached **** piety under Uskayaw
  8337 | Lair:1   | Reached ***** piety under Uskayaw
  8437 | Lair:1   | Noticed Whitewater's ghost (novice TrBe)
  8440 | Lair:1   | Noticed a spiny frog
  8453 | Lair:1   | HP: 3/88 [water moccasin (5)]
  8473 | Lair:1   | Mangled by a spiny frog

Skill      XL: |  1  2  3  4  5  6  7  8  9 10 |
---------------+-------------------------------+-----
Transmutations | 2 3 4 5 |  5.3
Fighting       | 1 2 |  2.4
Unarmed Combat | 4 5 6 8 9 10 | 10.5
Dodging        | 2 3 4 5 |  5.7
Spellcasting   | 2 3 |  3.2
Stealth        | 1 2 |  2.4
Evocations     | |  0.1

Action                   |  1- 3 |  4- 6 |  7- 9 | 10-12 || total
-------------------------+-------+-------+-------+-------++-------
Melee: Unarmed           |   132 |   175 |   399 |    51 ||   757
       Punch             |     3 |     3 |    19 |     2 ||    27
       Headbutt          |       |     3 |    23 |     1 ||    27
       Kick              |       |     4 |     7 |     3 ||    14
 Cast: Beastly Appendage |       |     5 |    14 |     5 ||    24
Evoke: Wand              |       |       |     2 |       ||     2
  Use: Scroll            |     5 |     1 |     4 |     1 ||    11
       Potion            |       |     4 |     6 |     4 ||    14
 Stab: Sleeping          |       |     1 |     1 |       ||     2
       Paralysed         |       |       |     3 |     4 ||     7
       Distracted        |       |       |     1 |       ||     1
  Eat: Chunk             |    18 |    15 |    34 |     8 ||    75
       Bread ration      |       |       |     1 |     1 ||     2
Armor: Robe              |    52 |    95 |   136 |    10 ||   293
Dodge: Dodged            |    67 |   103 |   176 |    39 ||   385
